 Dungeon Sprint DCSS version 0.29.1-15-g9cfb28693d (webtiles) character file.

Game seed: 9757924428944839810

635 Groucho the Blocker (level 7, 0/50 HPs)
             Began as a Gargoyle Fighter on Apr 7, 2023.
             Was a Believer of Cheibriados.
             Slain by a fire elemental (12 damage)
             ... summoned by a deep elf pyromancer
             ... in the Dungeon (Sprint IX: "|||||||||||||||||||||||||||||").
             The game lasted 00:01:50 (675 turns).

Groucho the Blocker (Gargoyle Fighter)               Turns: 675, Time: 00:01:51

Health: 0/50       AC: 21    Str: 24    XL:     7   Next: 50%
Magic:  11/11      EV:  9    Int: 17    God:    Cheibriados [**....]
Gold:   0          SH:  6    Dex: 16    Spells: 6/6 levels left

rFire   . . .      SeeInvis .   n - +1 broad axe (freeze)
rCold   . . .      Faith    .   c - +0 buckler
rNeg    + . .      Spirit   .   q - +0 plate armour
rPois   ∞          Reflect  .   (no helmet)
rElec   +          Harm     .   o - +0 cloak
rCorr   .          Rampage  .   p - +0 pair of gloves
Will    .....      NoTele   +   (no boots)
Stlth   ..........              (no amulet)
HPRegen 0.16/turn               b - +3 ring of intelligence
MPRegen 0.12/turn               r - +2 ring of evasion

@: very slow
A: sickness immunity, AC +4, negative energy resistance 1, electricity
resistance, torment resistance 1, petrification resistance
a: Renounce Religion, Bend Time


You were in the Dungeon.
You worshipped Cheibriados.
Cheibriados was pleased with you.
You visited 1 branch

Inventory:

Hand Weapons
 a - a +0 war axe
 n - a +1 broad axe of freezing (weapon)
Armour
 c - a +0 buckler (worn)
 o - a +0 cloak (worn)
 p - a +0 pair of gloves (worn)
 q - a +0 plate armour (worn)
Jewellery
 b - a +3 ring of intelligence (left hand)
 r - a +2 ring of evasion (right hand)
Wands
 m - a wand of iceblast (10)
Scrolls
 j - 2 scrolls of blinking
 l - 2 scrolls of amnesia
Potions
 d - a potion of might
 g - a potion of haste
 h - 4 potions of magic
 i - a potion of berserk rage
 k - 4 potions of curing


   Skills:
 + Level 8.8 Fighting
 + Level 7.0 Axes
 + Level 8.8 Armour
 + Level 8.8 Shields
 + Level 5.8 Invocations


You had 6 spell levels left.
You didn't know any spells.
Your spell library was empty.

Dungeon Overview and Level Annotations

Branches:
Dungeon (1/1)

Altars:
Cheibriados
Dithmenos
Elyvilon
Fedhas
Gozag
Hepliaklqana
Kikubaaqudgha
Makhleb
Nemelex Xobeh
Okawaru
Qazlal
Ru
Sif Muna
Trog
Uskayaw
Vehumet
Wu Jian
Xom
Yredelemnul
Zin
The Shining One
Jiyva
Lugonu


Innate Abilities, Weirdness & Mutations

You are immune to sickness and miasma.
Your stone body is resilient. (AC +4)
You are immune to poison.
You resist negative energy. (rN+)
You are resistant to electric shocks. (rElec)
You are resistant to unholy torment.
You are immune to petrification.


Message History

The fire elemental hits you. The fire elemental burns you!
* * * LOW HITPOINT WARNING * * *
Unknown command.
Unknown command.
Unknown command.
You barely miss the fire elemental.
The fire elemental is heavily damaged.
You hit the deep elf pyromancer. You freeze the deep elf pyromancer.
The fire elemental closely misses you.
The tengu conjurer gestures wildly while chanting.
Nothing appears to happen.
The deep elf pyromancer hits you but does no damage.
The fire elemental misses you.
Unknown command.
You slice the deep elf pyromancer!! You freeze the deep elf pyromancer.
The deep elf pyromancer is heavily wounded.
You hit the fire elemental. You freeze the fire elemental.
The fire elemental closely misses you.
The tengu conjurer gestures wildly while chanting.
Nothing appears to happen.
The deep elf pyromancer hits you but does no damage.
The fire elemental closely misses you.
Unknown command.
Unknown command.
You feel much better.
The deep elf pyromancer hits you but does no damage.
The fire elemental hits you. The fire elemental burns you!
You hit the deep elf pyromancer. You freeze the deep elf pyromancer.
The deep elf pyromancer is severely wounded.
You closely miss the fire elemental.
The rime drake changes into an ogre!
The deep elf pyromancer barely misses you.
The fire elemental hits you. The fire elemental burns you!
* * * LOW HITPOINT WARNING * * *
You block the deep elf pyromancer's attack.
You hit the deep elf pyromancer. You freeze the deep elf pyromancer.
The deep elf pyromancer is severely wounded.
You hit the fire elemental. You freeze the fire elemental.
The ogre changes into a rime drake!
The fire elemental hits you. The fire elemental burns you!
You die... ▓▓▓▓▓▓▓▓▓▓▓▓▓▓▓▓▓▓▓▓▓▓▓▓ .CkhuQE@e..))'..[...)..' ▓▓▓▓▓▓▓▓▓▓▓▓▓▓▓▓▓▓▓▓▓▓▓▓

You could see a green ugly thing, a cyclops, a deep elf pyromancer, a rime drake shaped shifter, a fire elemental (summoned), a tengu conjurer and a howler monkey.

Vanquished Creatures
  A hornet (D)
  A yak (D)
  An ice beast (D)
  A centaur (D)
  A wight (D)
  A killer bee (D)
  3 adders (D)
  A gnoll (D)
  A dart slug (D)
  A giant cockroach (D)
  A quokka (D)
  2 frilled lizards (D)
15 creatures vanquished.

Vanquished Creatures (others)
  A yak (D)
1 creature vanquished.

Grand Total: 16 creatures vanquished

Notes
Turn   | Place    | Note
-------+----------+-------------------------------------------
     0 | D        | Groucho the Gargoyle Fighter began the quest for the Orb.
     0 | D        | Reached XP level 1. HP: 14/14 MP: 1/1
    25 | D        | Reached XP level 2. HP: 17/20 MP: 2/2
   262 | D        | Noticed an ice beast
   276 | D        | Reached XP level 3. HP: 19/24 MP: 3/3
   289 | D        | Killed an ice beast
   290 | D        | Reached XP level 4. HP: 32/32 MP: 4/4
   290 | D        | Reached XP level 5. HP: 36/36 MP: 5/5
   304 | D        | Found a snail-covered altar of Cheibriados.
   304 | D        | Found a shadowy altar of Dithmenos.
   304 | D        | Found a white marble altar of Elyvilon.
   304 | D        | Found a blossoming altar of Fedhas.
   304 | D        | Found an opulent altar of Gozag.
   305 | D        | Found a hazy altar of Hepliaklqana.
   306 | D        | Found a viscous altar of Jiyva.
   307 | D        | Found an ancient bone altar of Kikubaaqudgha.
   308 | D        | Became a worshipper of Cheibriados the Contemplative
   309 | D        | Found a corrupted altar of Lugonu.
   310 | D        | Found a burning altar of Makhleb.
   311 | D        | Found a sparkling altar of Nemelex Xobeh.
   312 | D        | Found an iron altar of Okawaru.
   313 | D        | Found a stormy altar of Qazlal.
   314 | D        | Found a sacrificial altar of Ru.
   315 | D        | Found a shimmering blue altar of Sif Muna.
   316 | D        | Found a bloodstained altar of Trog.
   317 | D        | Found a hide-covered altar of Uskayaw.
   318 | D        | Found a radiant altar of Vehumet.
   319 | D        | Found an ornate altar of the Wu Jian Council.
   320 | D        | Found a shimmering altar of Xom.
   321 | D        | Found a basalt altar of Yredelemnul.
   322 | D        | Found a glowing silver altar of Zin.
   323 | D        | Found a glowing golden altar of the Shining One.
   376 | D        | Noticed a yak
   376 | D        | Noticed a centaur
   376 | D        | Noticed a yak
   376 | D        | Noticed a hornet
   380 | D        | Reached skill level 5 in Axes
   385 | D        | Killed a hornet
   385 | D        | Reached * piety under Cheibriados
   386 | D        | Reached XP level 6. HP: 39/44 MP: 5/9
   393 | D        | Killed a yak
   398 | D        | Reached ** piety under Cheibriados
   399 | D        | Reached skill level 5 in Invocations
   399 | D        | Reached XP level 7. HP: 39/50 MP: 7/10
   405 | D        | Killed a yak
   664 | D        | Noticed a cyclops
   664 | D        | Noticed a rime drake
   664 | D        | Noticed a green ugly thing
   664 | D        | Noticed a tengu conjurer
   664 | D        | Noticed a deep elf pyromancer
   666 | D        | Noticed a fire elemental
   674 | D        | a rime drake changed into an ogre
   675 | D        | Noticed a rime drake
   675 | D        | an ogre changed into a rime drake
   675 | D        | Slain by a fire elemental

Illustrated notes

Levels and vault maps discovered:
D:        linesprint [early_d, line_temple, items_1, d_10, items_2, lair_1,
          lair_end, items_3, orc_1, orc_end, items_4, d_15, swamp_1, shoals_1,
          snake_1, spider_1, d_20, vaults_1, items_5, swamp_end, shoals_end,
          snake_end, spider_end, vaults_end, d_27, items_6, zot_1, zot_end,
          crypt_end, forest_end, elf_end, slime_end, tomb_end, abyss_end,
          pan_hell_end]

Skill      XL: |  1  2  3  4  5  6  7 |
---------------+----------------------+-----
Axes           | 2 3 4 6 7 |  7.0
Fighting       | 4 6 8 |  8.8
Armour         | 4 6 8 |  8.8
Shields        | 4 6 8 |  8.8
Invocations    | 4 5 |  5.8

Action                   |  1- 3 |  4- 6 |  7- 9 || total
-------------------------+-------+-------+-------++-------
Melee: War axe           |    46 |     8 |       ||    54
       Broad axe         |       |    20 |    16 ||    36
  Use: Potion            |     2 |     1 |     2 ||     5
 Stab: Invisible         |       |     5 |       ||     5
Armor: Scale mail        |    29 |     4 |       ||    33
       Plate armour      |       |    13 |    15 ||    28
Dodge: Dodged            |    22 |    18 |     8 ||    48
Block: Buckler           |    10 |    12 |     4 ||    26
